 Dungeon Crawl Stone Soup version 0.30.0-3-ga4e48a9924 (webtiles) character file.

Game seed: 16993075164035351107

144 cheesebisquit the Ruffian (level 5, -8/40 HPs)
             Began as a Ghoul Necromancer on May 7, 2023.
             Mangled by a gnoll
             ... wielding a +0 spear
              (9 damage)
             ... on level 3 of the Dungeon.
             The game lasted 00:07:20 (2969 turns).

cheesebisquit the Ruffian (Ghoul Necromancer)       Turns: 2969, Time: 00:07:20

Health: -8/40      AC:  2    Str: 12    XL:     5   Next: 27%
Magic:  3/6        EV: 12    Int: 12    God:
Gold:   100        SH:  0    Dex:  9    Spells: 3/7 levels left

rFire   . .          .
                       - Unarmed
rCold   + . .        (no shield)
rNeg    + + +        a - +0 robe
rPois   ∞            (no helmet)
rElec   .            (no cloak)
rCorr   .            (no gloves)
SInv    .            (no boots)
Will    .....        f - amulet of the acrobat
Stlth   ++           (no ring)
HPRegen 0.00/turn    (no ring)
MPRegen 0.10/turn

%: acrobat
@: very slightly contaminated, inhibited regen
A: claws 1, cold resistance 1, negative energy resistance 3, inhibited
regeneration, torment resistance 2, devour on kill
a: no special abilities


You were on level 3 of the Dungeon.
You visited 1 branch of the dungeon, and saw 3 of its levels.

You collected 100 gold pieces.

Inventory:

Missiles
 p - 12 poisoned darts
Armour
 a - a +0 robe (worn)
Jewellery
 f - an amulet of the acrobat (around neck)
Wands
 t - a wand of mindburst (13)
Scrolls
 c - a scroll of blinking {unknown}
 d - 2 scrolls of brand weapon {unknown}
 e - 8 scrolls of identify {unknown}
 g - a scroll of teleportation {unknown}
 i - a scroll of immolation {unknown}
 l - a scroll of enchant weapon {unknown}
 q - a scroll of silence {unknown}
Potions
 h - 2 potions of curing {unknown}
 j - a potion of might {unknown}
 k - a potion of heal wounds {unknown}
 m - a potion of lignification {unknown}
 n - a potion of mutation {unknown}
 o - a potion of haste {unknown}
 r - a potion of attraction {unknown}
 s - a potion of degeneration {unknown}


   Skills:
 + Level 1.3 Fighting
 - Level 1.7 Dodging
 - Level 2.1 Stealth
 + Level 4.9 Unarmed Combat
 - Level 1.7 Spellcasting
 - Level 4.0 Necromancy


You had 3 spell levels left.
You knew the following spells:

 Your Spells              Type           Power      Damage    Failure   Level
a - Necrotise             Necr           40%        1d6       5%          1
b - Vampiric Draining     Necr           10%        2d6       16%         3

Your spell library contained the following spells:

 Spells                   Type           Power      Damage    Failure   Level
 Animate Dead             Necr           10%        N/A       47%         4
 Agony                    Necr           10%        N/A       83%         5
 Animate Armour           Summ/Erth      2%         N/A       95%         4
 Iron Shot                Conj/Erth      0%         9d1       100%        6
 Blade Hands              Tmut           Unusable   N/A       N/A         5

Dungeon Overview and Level Annotations

Branches:
Dungeon (3/15)

Altars:


Innate Abilities, Weirdness & Mutations

You are immune to poison.
You have sharp fingernails.
Your flesh is cold resistant. (rC+)
You are immune to negative energy. (rN+++)
You do not regenerate when monsters are visible.
You are immune to unholy pain and torment.
You thrive by killing the living.


Message History

Aim: a gnoll, wielding a +0 spear (lightly wounded, chance to affect: 71%)
The gnoll writhes in agony.
The gnoll closely misses you.
Aiming: Necrotise (safe; 5% risk of failure)
Press: ? - help, Q - select action, (/) - cycle Shift-Dir - straight line, f/p - gnoll
Aim: a gnoll, wielding a +0 spear (moderately wounded, chance to affect: 71%)
The gnoll struggles to resist.
The gnoll hits you from afar with a +0 spear.
Aiming: Necrotise (safe; 5% risk of failure)
Press: ? - help, Q - select action, (/) - cycle Shift-Dir - straight line, f/p - gnoll
Aim: a gnoll, wielding a +0 spear (moderately wounded, chance to affect: 71%)
The gnoll writhes in agony.
The gnoll hits you from afar with a +0 spear.
* * * LOW HITPOINT WARNING * * *
Aiming: Necrotise (safe; 5% risk of failure)
Press: ? - help, Q - select action, (/) - cycle Shift-Dir - straight line, f/p - gnoll
Aim: a gnoll, wielding a +0 spear (heavily wounded, chance to affect: 71%)
The gnoll struggles to resist.
The gnoll barely misses you. Magic courses through your body.
The gnoll barely misses you.
Aiming: Necrotise (safe; 5% risk of failure)
Press: ? - help, Q - select action, (/) - cycle Shift-Dir - straight line, f/p - gnoll
Aim: a gnoll, wielding a +0 spear (heavily wounded, chance to affect: 71%)
The gnoll writhes in agony.
The gnoll hits you from afar with a +0 spear.
* * * LOW HITPOINT WARNING * * *
Aiming: Necrotise (safe; 5% risk of failure)
Press: ? - help, Q - select action, (/) - cycle Shift-Dir - straight line, f/p - gnoll
Aim: a gnoll, wielding a +0 spear (severely wounded, chance to affect: 71%)
The gnoll writhes in agony.
The gnoll hits you from afar with a +0 spear.
* * * LOW HITPOINT WARNING * * *
Aiming: Necrotise (safe; 5% risk of failure)
Press: ? - help, Q - select action, (/) - cycle Shift-Dir - straight line, f/p - gnoll
Aim: a gnoll, wielding a +0 spear (almost dead, chance to affect: 71%)
You miscast Necrotise.
You are very lightly contaminated with residual magic.
Nothing appears to happen.
The gnoll hits you from afar with a +0 spear!
You die...

#..####. #(...##.
#.##.##. #.##.##.
#....... ### ####
####.... ## #####..
..# #.... #.
..##.####.#######
#...# #.
#.##.....@)g.....
#####
#.####.##.##.#.######.
#.#............#
#.#.##.##......#
#.#.##.##......#
#......##......#
###[############
#.###### #.##...# ###


You could see a gnoll.

Vanquished Creatures
  Natasha (D:2)
  5 adders
  4 worms
  6 ball pythons
  4 endoplasms (D:2)
  A giant cockroach (D:1)
  7 goblins
  3 hobgoblins
  3 jackals (D:3)
  4 kobolds
  4 quokkas
  7 bats
  A frilled lizard (D:1)
  3 rats
53 creatures vanquished.

Vanquished Creatures (collateral kills)
  A gnoll (D:3)
  A rat (D:1)
2 creatures vanquished.

Grand Total: 55 creatures vanquished

Notes
Turn   | Place    | Note
-------+----------+-------------------------------------------
     0 | D:1      | cheesebisquit the Ghoul Necromancer began the quest for the
                  | Orb.
     0 | D:1      | Reached XP level 1. HP: 14/14 MP: 2/2
    94 | D:1      | Reached skill level 1 in Unarmed Combat
   172 | D:1      | Reached XP level 2. HP: 18/20 MP: 3/3
   829 | D:1      | Found a faded altar of an unknown god.
  1121 | D:2      | Reached XP level 3. HP: 15/26 MP: 0/4
  1767 | D:2      | Noticed Natasha
  1773 | D:2      | Killed Natasha
  1774 | D:2      | Reached XP level 4. HP: 18/33 MP: 0/5
  2480 | D:3      | Reached XP level 5. HP: 39/39 MP: 0/6
  2621 | D:3      | Reached skill level 1 in Fighting
  2705 | D:2      | Learned a level 3 spell: Vampiric Draining
  2968 | D:3      | HP: 1/40 [gnoll/+0 spear (6)]
  2969 | D:3      | Mangled by a gnoll

Illustrated notes

Levels and vault maps discovered:
D:1:      scummos_arrival_checkerplants, layout_loops_ring,
          chequers_ecumenical_altar_twisty
D:2:      layout_basic, basic_altar, uniq_natasha
D:3:      layout_loops_cross, uniq_crazy_yiuf_cottage

Skill      XL: |  1  2  3  4  5 |
---------------+----------------+-----
Unarmed Combat | 1 2 4 |  4.9
Fighting       | 1 |  1.3
Dodging        | |  1.7
Stealth        | |  2.1
Spellcasting   | |  1.7
Necromancy     | |  4.0

Action                     |  1- 3 |  4- 6 || total
---------------------------+-------+-------++-------
  Melee: Unarmed           |    50 |    12 ||    62
   Cast: Necrotise         |    57 |    58 ||   115
    Use: Potion            |       |     2 ||     2
 Armour: Robe              |    11 |     1 ||    12
  Dodge: Dodged            |    34 |    22 ||    56
